 Dungeon Crawl Stone Soup version 0.27.1-33-g824d729ab1 (webtiles) character file.

Game seed: 4192106079128353868

23 zeram the Sneak (level 3, 0/21 HPs)
             Began as a Gargoyle Brigand on Dec 21, 2021.
             Slain by Sigmund (4 damage)
             ... on level 1 of the Dungeon.
             The game lasted 00:01:28 (775 turns).

zeram the Sneak (Gargoyle Brigand)                   Turns: 775, Time: 00:01:29

Health: 0/21       AC:  6    Str: 14    XL:     3   Next: 0%
Magic:  3/3        EV: 11    Int: 12    God:
Gold:   39         SH:  0    Dex: 11    Spells: 0/2 levels left

rFire    . . .     SeeInvis .   a - +2 dagger
rCold    . . .     Faith    .   (no shield)
rNeg     + . .     Spirit   .   b - +0 robe
rPois    ∞         Reflect  .   (no helmet)
rElec    +         Harm     .   c - +0 cloak
rCorr    .         Rampage  .   (no gloves)
Will     .....                  (no boots)
Stlth    +++.......             (no amulet)
HPRegen  0.07/turn              (no ring)
MPRegen  0.08/turn              (no ring)

@: no status effects
A: sickness immunity, AC +3, negative energy resistance 1, electricity
resistance, torment resistance 1, petrification resistance
a: no special abilities


You were on level 1 of the Dungeon.
You visited 1 branch of the dungeon, and saw 2 of its levels.

You collected 39 gold pieces.

Inventory:

Hand Weapons
 a - a +2 dagger (weapon)
Missiles
 d - 8 poisoned darts (quivered)
 e - 2 curare-tipped darts
Armour
 b - a +0 robe (worn)
 c - a +0 cloak (worn)
Potions
 f - a potion of ambrosia
 g - a potion of heal wounds


   Skills:
 - Level 2.1 Fighting
 - Level 1.7 Short Blades
 - Level 1.7 Throwing
 - Level 0.7 Dodging
 + Level 5.5 Stealth


You couldn't memorise any spells.
You knew the following spells:

 Your Spells              Type           Power      Damage    Failure   Level
a - Call Imp              Summ           0%         N/A       45%         2

Your spell library contained the following spells:

 Spells                   Type           Power      Damage    Failure   Level
 Magic Dart               Conj           0%         1d3       32%         1
 Mephitic Cloud           Conj/Pois/Air  0%         N/A       69%         3


Dungeon Overview and Level Annotations

Branches:
Dungeon (2/15)

Altars:

Annotations:
D:2 Sigmund


Innate Abilities, Weirdness & Mutations

You are immune to sickness and miasma.
Your stone body is resilient. (AC +3)
You are immune to poison.
You resist negative energy. (rN+)
You are resistant to electric shocks. (rElec)
You are resistant to unholy torment.
You are immune to petrification.


Message History

There is a stone staircase leading up here.
Sigmund is nearby!
Sigmund is nearby!
Sigmund is nearby!
Sigmund is nearby!
Sigmund is nearby!
Unknown command.
Sigmund is nearby!
The helpless Sigmund fails to defend himself.
You impale Sigmund!!
Sigmund is heavily wounded.
Casting: Call Imp (extremely dangerous; 45% risk of failure)
Confirm with . or Enter, or press ? or * to list all spells.
Okay, then.
Okay, then.
You hit Sigmund but do no damage.
Sigmund is heavily wounded.
Sigmund closely misses you.
You barely miss Sigmund.
Sigmund is heavily wounded.
Sigmund hits you with a +0 scythe!
You hit Sigmund but do no damage.
Sigmund is heavily wounded.
You hit Sigmund.
Sigmund is severely wounded.
Sigmund gestures wildly while chanting.
Sigmund flickers and vanishes!
Deactivating autopickup; reactivate with Ctrl-A.
You barely miss something. Something hits you but does no damage.
Something hits you.
You climb upwards.
Reactivating autopickup.
There is a stone staircase leading down here.
You open the door. Something hits you.
* * * LOW HITPOINT WARNING * * *
Deactivating autopickup; reactivate with Ctrl-A.
There is an open door here.
Something hits you.
You die...

##P...8#8.#...##.#.#####.......##
_###......#...##.#.#.......#####
##..#.........##.#.#.#####.#
.#......#.#...##.#.#.# #.#
.#......#.#...##.#.#.# #.#
##......#.#...##.#.#'#####.##
........#>#...##.#..........#
........#.##'###[#..........#
#.......#..#.# #@#..........#
#.......####.###'#..........#
#######.#......>...#.#####'##
#.#..........#.# #.#
#.####.......#.#####.#
#............#.#...#.#
######.......#.#.#.#.#
#.......#.#.#.#.#
#.......#'#...#.#####


There were no monsters in sight!

Vanquished Creatures
  A gnoll (D:1)
  4 giant cockroaches (D:1)
  A goblin (D:1)
  A hobgoblin (D:1)
  2 ball pythons (D:1)
  2 bats (D:1)
  2 frilled lizards (D:1)
  A rat (D:1)
14 creatures vanquished.

Notes
Turn   | Place    | Note
-------+----------+-------------------------------------------
     0 | D:1      | zeram the Gargoyle Brigand began the quest for the Orb.
     0 | D:1      | Reached XP level 1. HP: 12/12 MP: 1/1
   244 | D:1      | Found a faded altar of an unknown god.
   246 | D:1      | Reached XP level 2. HP: 17/17 MP: 2/2
   282 | D:1      | Reached skill level 5 in Stealth
   712 | D:1      | Reached XP level 3. HP: 21/21 MP: 3/3
   715 | D:1      | Learned a level 2 spell: Call Imp
   764 | D:2      | Noticed Sigmund
   775 | D:1      | Slain by Sigmund

Illustrated notes

Levels and vault maps discovered:
D:1:      mainiacjoe_arrival_reflecting_pool, layout_basic,
          shapermc_ecumenical_altar_mp_ritualfount, minmay_statues_item
D:2:      layout_basic, uniq_sigmund

Skill      XL: |  1  2 |
---------------+-------+-----
Stealth        | 5 |  5.5
Fighting       | |  2.1
Short Blades   | |  1.7
Throwing       | |  1.7
Dodging        | |  0.7

Action                   || total
-------------------------++-------
Melee: Dagger            ||    59
  Use: Potion            ||     1
       Scroll            ||     1
 Stab: Sleeping          ||     6
Armor: Robe              ||    16
Dodge: Dodged            ||    36
